[Event "Elegant 1st Division League 2024"]
[Site "Dhaka"]
[Date "2024.07.17"]
[Round "7.3"]
[White "Mohammed, Shaker Ullah"]
[Black "Shourya Paul"]
[Result "1-0"]
[Annotator "RC"]
[ECO "C54"]
[WhiteElo "2018"]
[BlackElo "1813"]
[PlyCount "53"]
[EventDate "2024.07.10"]
[EventType "team-tourn"]
[EventCountry "BAN"]
[SourceTitle "playchess.com"]
[Source "ChessBase"]
[SourceQuality "1"]
[TimeControl "5400+30"]

1. e4 e5 2. Nf3 Nc6 3. Bc4 Nf6 4. d3 Bc5 5. c3 d6 6. a4 a6 7. h3 Ba7 8. Be3 h6 9. O-O g5 10. Bxa7 Nxa7 11. Nbd2 g4 12. hxg4 Nxg4 13. d4 Qf6 14. dxe5 dxe5 15. g3 Rg8 16. Kg2 Nc6 17. Qe2 Bd7 18. b4 Ne7 19. Nh4 O-O-O 20. Ndf3 Rg7 21. a5 Qc6 22. Rfb1 f5 23. b5 axb5 24. Bxb5 Qxe4 25. a6 Qxe2 26. axb7+ Kxb7 27. Bxd7+ 1-0

[Event "Elegant 1st Division League 2024"]
[Site "Dhaka"]
[Date "2024.07.17"]
[Round "7.4"]
[White "Shankhodip De"]
[Black "Shahinur, Haque"]
[Result "1-0"]
[Annotator "RC"]
[ECO "A49"]
[WhiteElo "1942"]
[BlackElo "1833"]
[PlyCount "53"]
[EventDate "2024.07.10"]
[EventType "team-tourn"]
[EventCountry "BAN"]
[SourceTitle "playchess.com"]
[Source "ChessBase"]
[SourceQuality "1"]
[TimeControl "5400+30"]

1. d4 Nf6 2. Nf3 g6 3. g3 Bg7 4. Bg2 c5 5. dxc5 Qa5+ 6. Nfd2 Nc6 7. Nc3 Qxc5 8. Nb3 Qh5 9. h3 d6 10. Bf4 Qf5 11. Qd2 O-O 12. O-O-O a5 13. a4 Ne8 14. Nd5 Ra6 15. h4 Qd7 16. h5 Ne5 17. Qe3 e6 18. Bxe5 Bxe5 19. Nc3 Bg7 20. Nc5 Qc7 21. Nxa6 bxa6 22. hxg6 hxg6 23. g4 d5 24. g5 f5 25. Nxd5 exd5 26. Bxd5+ Rf7 27. Qxe8+ 1-0

[Event "Elegant 1st Division League 2024"]
[Site "Dhaka"]
[Date "2024.07.17"]
[Round "7.5"]
[White "Md, Eftekhar Alam"]
[Black "Mohammad, Shameem"]
[Result "1-0"]
[Annotator "RC"]
[ECO "D88"]
[WhiteElo "2006"]
[BlackElo "1951"]
[PlyCount "135"]
[EventDate "2024.07.10"]
[EventType "team-tourn"]
[EventCountry "BAN"]
[SourceTitle "playchess.com"]
[Source "ChessBase"]
[SourceQuality "1"]
[TimeControl "5400+30"]

1. d4 Nf6 2. c4 g6 3. Nc3 d5 4. cxd5 Nxd5 5. e4 Nxc3 6. bxc3 Bg7 7. Bc4 c5 8. Ne2 O-O 9. O-O Nc6 10. Be3 Na5 11. Bd3 cxd4 12. cxd4 Nc6 13. e5 Be6 14. Be4 Bc4 15. Re1 Bxe2 16. Rxe2 Rc8 17. Rb1 b6 18. Rc2 Na5 19. Rbc1 Qd7 20. h3 b5 21. Bd3 a6 22. Qd2 Nc6 23. Be4 Nb8 24. Rc5 Rxc5 25. Rxc5 Rc8 26. Qc3 Rxc5 27. Qxc5 e6 28. Qb6 Qe8 29. Qc7 h5 30. Bd2 Bf8 31. Ba5 Qd7 32. Bb6 Qxc7 33. Bxc7 Nd7 34. Bc6 Nc5 35. dxc5 Bxc5 36. Bb7 a5 37. Bxa5 Kg7 38. Kf1 f6 39. Bc3 fxe5 40. Bxe5+ Kf7 41. f4 Be7 42. Be4 g5 43. Bd3 b4 44. Ke2 gxf4 45. Bxf4 Kf6 46. Kf3 e5 47. Bg3 Ke6 48. Ke4 Bf6 49. Bc4+ Kd6 50. Bd5 h4 51. Bf2 Bd8 52. Be1 Kc5 53. Kxe5 Bc7+ 54. Ke4 Bd8 55. Bb3 Be7 56. Kf3 Kd4 57. Bf2+ Ke5 58. Kg4 Bf8 59. Bxh4 Bc5 60. Bg5 Bd4 61. h4 Ke4 62. Kh5 Kf5 63. g4+ Ke4 64. Kg6 Kf3 65. Be6 Bc3 66. h5 Ke4 67. h6 Bd4 68. h7 1-0

[Event "Elegant 1st Division League 2024"]
[Site "Dhaka"]
[Date "2024.07.17"]
[Round "7.6"]
[White "Vrashank Chouhan"]
[Black "Mahindrakar Indrajeet"]
[Result "1-0"]
[Annotator "RC"]
[ECO "A57"]
[WhiteElo "2209"]
[BlackElo "2129"]
[PlyCount "103"]
[EventDate "2024.07.10"]
[EventType "team-tourn"]
[EventCountry "BAN"]
[SourceTitle "playchess.com"]
[Source "ChessBase"]
[SourceQuality "1"]
[TimeControl "5400+30"]

1. d4 Nf6 2. c4 c5 3. d5 b5 4. cxb5 a6 5. e3 Bb7 6. Nc3 axb5 7. Bxb5 e6 8. e4 Qa5 9. Qe2 Be7 10. Bd2 Qb6 11. Bc4 exd5 12. exd5 Na6 13. Nf3 O-O 14. O-O Nb4 15. Rad1 Nbxd5 16. Bxd5 Bxd5 17. Nxd5 Nxd5 18. Bc1 Qc6 19. Qe5 Nf6 20. Qxe7 d5 21. Ne5 Qb5 22. Nd3 c4 23. Qb4 Qa6 24. Nf4 Qxa2 25. Nxd5 Nxd5 26. Rxd5 c3 27. Rc5 cxb2 28. Qxb2 Qe6 29. Be3 Rfb8 30. Qc3 h6 31. Qc4 Qg6 32. g3 Re8 33. Rd1 Qf6 34. Qf4 Qe6 35. Qf5 Qb3 36. Qd5 Qb8 37. Rb5 Qc8 38. Rb7 Qe6 39. Qxe6 Rxe6 40. Rdd7 Rf6 41. Kg2 Ra4 42. f4 h5 43. h3 Ra2+ 44. Kf3 Ra3 45. Re7 g5 46. Ke4 gxf4 47. gxf4 Ra4+ 48. Bd4 Rd6 49. Re8+ Kh7 50. Rxf7+ Kh6 51. Rh8+ Kg6 52. Rg7# 1-0

[Event "Elegant 1st Division League 2024"]
[Site "Dhaka"]
[Date "2024.07.17"]
[Round "7.7"]
[White "Majumder Shrayan"]
[Black "Tutul, Dhar"]
[Result "1-0"]
[Annotator "RC"]
[ECO "B10"]
[WhiteElo "2083"]
[BlackElo "2008"]
[PlyCount "131"]
[EventDate "2024.07.10"]
[EventType "team-tourn"]
[EventCountry "BAN"]
[SourceTitle "playchess.com"]
[Source "ChessBase"]
[SourceQuality "1"]
[TimeControl "5400+30"]

1. e4 c6 2. Nf3 d5 3. exd5 cxd5 4. Ne5 Nf6 5. d4 g6 6. Bb5+ Bd7 7. Nxd7 Nbxd7 8. O-O Bg7 9. Re1 O-O 10. c3 e6 11. Bd3 Qc7 12. Bg5 Rfe8 13. Nd2 Rac8 14. Nf3 Rb8 15. Qd2 Rbc8 16. Rac1 Qa5 17. b3 b5 18. Qe2 a6 19. a4 Ne4 20. b4 Qb6 21. a5 Qb7 22. Bxe4 dxe4 23. Qxe4 Qxe4 24. Rxe4 h6 25. Bd2 Nf6 26. Re2 Nd5 27. Ne5 Bxe5 28. Rxe5 Kg7 29. Kf1 Rc6 30. Ke2 Rec8 31. Kd3 g5 32. h4 f6 33. Ree1 Kg6 34. hxg5 hxg5 35. f3 f5 36. g3 R8c7 37. Re5 Kf6 38. Rh1 Kg6 39. g4 Nf4+ 40. Kc2 fxg4 41. fxg4 Rd7 42. Bxf4 gxf4 43. g5 Rxd4 44. Rh6+ Kg7 45. Rexe6 Rxe6 46. Rxe6 Rd5 47. Rf6 Rxg5 48. Rxf4 Re5 49. Kd3 Kg6 50. Kd4 Rh5 51. c4 bxc4 52. Kxc4 Kg7 53. Rd4 Rh6 54. Rd7+ Kf8 55. Kc5 Ke8 56. Rd6 Rh5+ 57. Kb6 Rb5+ 58. Kxa6 Rxb4 59. Rb6 Rh4 60. Kb7 Rh7+ 61. Kb8 Rd7 62. Rc6 Rd5 63. a6 Kd7 64. Rc7+ Kd6 65. a7 Ra5 66. Rb7 1-0

[Event "Elegant 1st Division League 2024"]
[Site "Dhaka"]
[Date "2024.07.17"]
[Round "7.8"]
[White "Dakshita Kumawat"]
[Black "Md, Azmaeen Parvez Sayor"]
[Result "1-0"]
[Annotator "RC"]
[ECO "A80"]
[WhiteElo "1928"]
[BlackElo "1969"]
[PlyCount "139"]
[EventDate "2024.07.10"]
[EventType "team-tourn"]
[EventCountry "BAN"]
[SourceTitle "playchess.com"]
[Source "ChessBase"]
[SourceQuality "1"]
[TimeControl "5400+30"]

1. d4 f5 2. Bf4 Nf6 3. e3 d6 4. Nc3 c6 5. Bd3 Qc7 6. Qf3 g6 7. h4 e5 8. dxe5 dxe5 9. Bg3 Bd6 10. O-O-O Nh5 11. Bc4 Nd7 12. Bh2 Ndf6 13. Nh3 h6 14. Qe2 Qe7 15. f3 Bd7 16. Bb3 O-O-O 17. Qc4 Bc7 18. a4 Ng7 19. Qf7 Qxf7 20. Bxf7 Be8 21. Ba2 Bd7 22. Nf2 g5 23. Nd3 f4 24. exf4 exf4 25. Bg1 Nf5 26. Bf2 b6 27. Rde1 Rde8 28. Ne4 Nxe4 29. fxe4 Ng3 30. Bxg3 fxg3 31. e5 Bf5 32. e6 Bxd3 33. cxd3 Bf4+ 34. Kc2 Re7 35. hxg5 Bxg5 36. Ref1 Rg7 37. Rf3 Be7 38. Rh5 Kd8 39. d4 Rg5 40. Rh3 Rf8 41. Rfxg3 Rf2+ 42. Kc3 Rxg2 43. Rxg2 Rxg2 44. Rxh6 Rg3+ 45. Kc2 Rg2+ 46. Kc3 Rg8 47. Bc4 Rg3+ 48. Bd3 Rg8 49. Bf5 Kc7 50. Rh3 Rf8 51. Bg6 Kd6 52. Bf7 a5 53. Rh5 Rb8 54. Kc4 Rc8 55. Rh2 Rb8 56. Rh5 Rc8 57. Rh7 Rb8 58. Rh3 b5+ 59. axb5 cxb5+ 60. Kd3 Rc8 61. Rh5 Kc6 62. Rf5 a4 63. Bh5 Rg8 64. Bf3+ Kb6 65. Rf7 a3 66. bxa3 Bxa3 67. Rb7+ Ka6 68. Bc6 b4 69. Kc4 Rc8 70. d5 1-0

[Event "Elegant 1st Division League 2024"]
[Site "Dhaka"]
[Date "2024.07.17"]
[Round "7.10"]
[White "abzid, Rahman"]
[Black "Soumyajit Das"]
[Result "1-0"]
[Annotator "RC"]
[ECO "A80"]
[WhiteElo "2037"]
[BlackElo "1850"]
[PlyCount "175"]
[EventDate "2024.07.10"]
[EventType "team-tourn"]
[EventCountry "BAN"]
[SourceTitle "playchess.com"]
[Source "ChessBase"]
[SourceQuality "1"]
[TimeControl "5400+30"]

1. d4 f5 2. Nf3 Nf6 3. e3 g6 4. b3 Bg7 5. Bb2 d6 6. Bc4 e6 7. O-O O-O 8. a4 Ne4 9. Nbd2 c5 10. c3 Nc6 11. Nxe4 fxe4 12. Nd2 cxd4 13. cxd4 a6 14. Ba3 Re8 15. b4 d5 16. Bb3 Bf8 17. b5 Bxa3 18. bxc6 Bd6 19. cxb7 Bxb7 20. Rb1 a5 21. Bc4 Bc6 22. Bb5 Bxb5 23. Rxb5 Rb8 24. Qe2 Qc7 25. g3 Qc2 26. Rxb8 Rxb8 27. Qa6 Qc7 28. h4 Rb6 29. Qxa5 Bb4 30. Qa8+ Rb8 31. Qa6 Bxd2 32. Qxe6+ Qf7 33. Qg4 Rf8 34. Qe2 Ba5 35. Rb1 Rd8 36. Rb5 Qa7 37. Qa2 Qa8 38. Qb3 Bc7 39. Kg2 Rb8 40. Qxd5+ Qxd5 41. Rxd5 Rb4 42. Rd7 Ba5 43. Re7 Rxa4 44. Rxe4 Kf7 45. Rf4+ Ke7 46. Re4+ Kf7 47. Rf4+ Ke7 48. h5 g5 49. Rf5 h6 50. g4 Bc7 51. Kf3 Rb4 52. Ke4 Ra4 53. Rc5 Bd6 54. Rb5 Ke6 55. Rb7 Be7 56. Rb8 Bf6 57. Rb6+ Kf7 58. f3 Bg7 59. Rc6 Rb4 60. Kf5 Rb3 61. Rc7+ Kg8 62. Ke4 Rb4 63. Rd7 Ra4 64. f4 gxf4 65. exf4 Rb4 66. g5 hxg5 67. fxg5 Rb1 68. Kf5 Rb6 69. d5 Bf8 70. Rd8 Kf7 71. Rd7+ Kg8 72. h6 Bxh6 73. gxh6 Rxh6 74. Re7 Kf8 75. Re6 Rh1 76. Ke5 Re1+ 77. Kd6 Rd1 78. Kc6 Kf7 79. Re2 Rc1+ 80. Kd7 Rd1 81. Rf2+ Kg7 82. d6 Rd3 83. Ke7 Re3+ 84. Kd8 Rd3 85. d7 Rd1 86. Rc2 Kf7 87. Kc8 Ke7 88. Re2+ 1-0

[Event "Elegant 1st Division League 2024"]
[Site "Dhaka"]
[Date "2024.07.17"]
[Round "7.11"]
[White "Saparya Ghosh"]
[Black "Tajane Ganesh"]
[Result "1/2-1/2"]
[Annotator "NA RC"]
[ECO "A59"]
[WhiteElo "1833"]
[BlackElo "1772"]
[PlyCount "98"]
[EventDate "2024.07.10"]
[EventType "team-tourn"]
[EventCountry "BAN"]
[SourceTitle "playchess.com"]
[Source "ChessBase"]
[SourceQuality "1"]
[TimeControl "5400+30"]

1. d4 Nf6 2. c4 c5 3. d5 b5 4. cxb5 a6 5. bxa6 g6 6. Nc3 Bxa6 7. e4 Bxf1 8. Kxf1 d6 9. Nf3 Bg7 10. g3 O-O 11. Kg2 Nbd7 12. a4 Qb6 $16 13. Nd2 Ne8 14. Nb5 Nc7 15. Nc4 Qb7 16. Nxc7 Qxc7 17. Bd2 Ne5 18. Nxe5 Bxe5 19. Bc3 Bxc3 20. bxc3 Rfb8 21. h4 h6 22. Qd2 h5 23. Qg5 Qd7 24. e5 dxe5 25. Qxe5 Rb7 26. a5 c4 27. Rhb1 Rb5 28. Rxb5 Qxb5 29. a6 Ra7 30. Ra4 Kh7 31. Qd4 Rxa6 32. Rxc4 Ra5 33. Rc7 Ra1 34. Rxe7 Qf1+ 35. Kf3 Qh1+ 36. Kf4 Qc1+ 37. Qe3 Ra4+ 38. Ke5 Qb1 39. Rxf7+ Kg8 40. Rf4 Qb8+ 41. Kf6 Ra6+ 42. Qe6+ Rxe6+ 43. dxe6 Kh7 44. Kf7 Qg8+ 45. Ke7 Qc8 46. Kf7 Qg8+ 47. Ke7 Qc8 48. Kf7 Qg8+ 49. Ke7 Qc8 1/2-1/2

[Event "Elegant 1st Division League 2024"]
[Site "Dhaka"]
[Date "2024.07.17"]
[Round "7.12"]
[White "Bhuiyan, Golam Mostafa"]
[Black "Ajraf, Anan"]
[Result "1-0"]
[Annotator "RC"]
[ECO "D93"]
[WhiteElo "2078"]
[BlackElo "1781"]
[PlyCount "63"]
[EventDate "2024.07.10"]
[EventType "team-tourn"]
[EventCountry "BAN"]
[SourceTitle "playchess.com"]
[Source "ChessBase"]
[SourceQuality "1"]
[TimeControl "5400+30"]

1. d4 Nf6 2. c4 g6 3. Nc3 d5 4. Nf3 Bg7 5. Bf4 c6 6. e3 O-O 7. Bd3 dxc4 8. Bxc4 b5 9. Bd3 Nbd7 10. h3 Nb6 11. O-O Be6 12. a3 Bc4 13. Ne5 Bxd3 14. Qxd3 Rc8 15. Rad1 Nfd5 16. Bg3 Nxc3 17. bxc3 Bxe5 18. Bxe5 Nc4 19. Qe2 Qa5 20. Bf4 Qxc3 21. Ra1 Nxa3 22. Rfc1 Qa5 23. Bh6 Rfe8 24. d5 cxd5 25. Qb2 Rxc1+ 26. Rxc1 f6 27. Qd4 Rd8 28. Qc5 Rd7 29. Qc6 Qd8 30. Qe6+ Kh8 31. Qf7 Qg8 32. Rc8 1-0

[Event "Elegant 1st Division League 2024"]
[Site "Dhaka"]
[Date "2024.07.17"]
[Round "7.13"]
[White "Islam, Sheik   Khairul"]
[Black "Uddipan Roy"]
[Result "0-1"]
[Annotator "RC"]
[ECO "A38"]
[WhiteElo "1948"]
[BlackElo "1967"]
[PlyCount "46"]
[EventDate "2024.07.10"]
[EventType "team-tourn"]
[EventCountry "BAN"]
[SourceTitle "playchess.com"]
[Source "ChessBase"]
[SourceQuality "1"]
[TimeControl "5400+30"]

1. c4 Nf6 2. Nc3 g6 3. Nf3 Bg7 4. g3 O-O 5. Bg2 c5 6. e4 Nc6 7. O-O d6 8. h3 Ne8 9. d3 Nc7 10. Rb1 Rb8 11. a3 b5 12. Nd5 bxc4 13. dxc4 Na5 14. Nd2 Nxd5 15. cxd5 Ba6 16. Qc2 Bxf1 17. Bxf1 c4 18. Be2 Qb6 19. Nf1 Rfc8 20. Kg2 Qb3 21. Qd2 c3 22. Qg5 c2 23. Ra1 Bxb2 0-1

[Event "Elegant 1st Division League 2024"]
[Site "Dhaka"]
[Date "2024.07.17"]
[Round "7.14"]
[White "Abdul, Momin"]
[Black "Faisal, Hossain"]
[Result "1/2-1/2"]
[Annotator "RC"]
[ECO "B47"]
[WhiteElo "1911"]
[BlackElo "1872"]
[PlyCount "111"]
[EventDate "2024.07.10"]
[EventType "team-tourn"]
[EventCountry "BAN"]
[SourceTitle "playchess.com"]
[Source "ChessBase"]
[SourceQuality "1"]
[TimeControl "5400+30"]

1. e4 c5 2. Nf3 e6 3. Nc3 a6 4. a4 Qc7 5. Be2 Nc6 6. O-O Nf6 7. d4 cxd4 8. Nxd4 Bb4 9. Nxc6 bxc6 10. Qd3 a5 11. Qf3 O-O 12. Bg5 Bxc3 13. bxc3 Qe5 14. Bxf6 Qxf6 15. Qxf6 gxf6 16. c4 Rb8 17. c5 Rb4 18. Bd3 d6 19. cxd6 Rd4 20. Rfd1 Rd8 21. Kf1 R4xd6 22. Ke2 e5 23. Ke3 Be6 24. f4 exf4+ 25. Kxf4 c5 26. Ke3 Kg7 27. Be2 f5 28. Rxd6 Rxd6 29. Rd1 Rxd1 30. Bxd1 Kf6 31. c3 fxe4 32. Kxe4 Bf5+ 33. Ke3 Ke5 34. Bb3 Bd7 35. Kd3 f5 36. g3 h6 37. Bd1 Be6 38. Bf3 Kd6 39. Bh5 Ke5 40. Be8 c4+ 41. Ke3 Bd5 42. Bb5 Be6 43. Bc6 Bf7 44. Kf3 Bh5+ 45. Ke3 Bf7 46. Kf2 Bh5 47. Ke3 Bf7 48. h3 Be6 49. Kf3 Bc8 50. Ke3 Be6 51. Be8 Bg8 52. Bb5 Bd5 53. h4 Be6 54. Bc6 Bf7 55. Bd7 Bd5 56. Bb5 1/2-1/2

[Event "Elegant 1st Division League 2024"]
[Site "Dhaka"]
[Date "2024.07.17"]
[Round "7.15"]
[White "Shejal Sahil Sanjay"]
[Black "Bivor Adak"]
[Result "0-1"]
[Annotator "RC"]
[ECO "C16"]
[WhiteElo "1750"]
[BlackElo "1967"]
[PlyCount "112"]
[EventDate "2024.07.10"]
[EventType "team-tourn"]
[EventCountry "BAN"]
[SourceTitle "playchess.com"]
[Source "ChessBase"]
[SourceQuality "1"]
[TimeControl "5400+30"]

1. e4 e6 2. d4 d5 3. Nc3 Bb4 4. e5 b6 5. Qg4 Bf8 6. f4 Nh6 7. Qd1 Ba6 8. Nce2 c5 9. c3 Qd7 10. Nf3 Nc6 11. a3 Rc8 12. b4 Bc4 13. Ng3 cxd4 14. cxd4 b5 15. Bxc4 bxc4 16. Bd2 Ne7 17. Ne2 Nef5 18. O-O Ng4 19. Qc1 h5 20. h3 Ngh6 21. g3 Be7 22. Bc3 f6 23. a4 a6 24. Qb2 Rb8 25. Rfb1 O-O 26. b5 axb5 27. axb5 Rb7 28. Be1 Nf7 29. Bf2 Rfb8 30. Nc3 fxe5 31. fxe5 Ng5 32. Nxg5 Bxg5 33. Qe2 Qf7 34. Ra6 h4 35. g4 Ne7 36. Be3 Bxe3+ 37. Qxe3 Ng6 38. Rf1 Qe7 39. Nxd5 exd5 40. Rxg6 Rxb5 41. e6 Rb1 42. Qg5 Qxg5 43. Rxg5 c3 44. Rgf5 c2 45. e7 c1=Q 46. Rf8+ Kh7 47. Rxc1 Rxc1+ 48. Kf2 Rcc8 49. Rf5 Re8 50. Rxd5 Rxe7 51. Rh5+ Kg6 52. Rxh4 Rf8+ 53. Kg3 Re3+ 54. Kg2 Rd8 55. Rh5 Rxd4 56. Rf5 Rd2+ 0-1

[Event "Elegant 1st Division League 2024"]
[Site "Dhaka"]
[Date "2024.07.17"]
[Round "7.16"]
[White "Md Nurul Islam, Mahin"]
[Black "Celik, Hasan Huseyin"]
[Result "1-0"]
[Annotator "TA"]
[ECO "D00"]
[WhiteElo "1833"]
[BlackElo "2428"]
[PlyCount "139"]
[EventDate "2024.07.10"]
[EventType "team-tourn"]
[EventCountry "BAN"]
[SourceTitle "playchess.com"]
[Source "ChessBase"]
[SourceQuality "1"]
[TimeControl "5400+30"]

1. f4 Nf6 2. e3 d5 3. d4 Bf5 4. c4 c6 5. Nc3 e6 6. a3 Nbd7 7. c5 a5 8. Nf3 {[%emt 0:00:33] The position is equal.} b6 9. Ne5 Qc7 (9... Nxe5 $15 10. fxe5 Ne4 11. Nxe4 Bxe4 12. cxb6 Be7 (12... Qxb6 13. Bd3 $15)) 10. cxb6 Nxb6 (10... Qxb6 $11 11. g4 Be4) 11. Be2 (11. g4 $14 Be4 12. Rg1) 11... Bd6 (11... Ne4 $11) 12. O-O (12. Bd2 $14) 12... h5 (12... Ne4 $11 {remains equal.}) 13. Bd2 Bxe5 (13... O-O $14) 14. fxe5 $16 Ne4 15. Nxe4 (15. Bxh5 $2 Nxd2 16. Rf2 Ndc4 $19) 15... Bxe4 16. Bxh5 ({White should play} 16. Rf4) 16... g6 17. Be2 (17. Bf3 {simplifies} Bxf3 18. Rxf3 f5 19. Qc2) 17... c5 (17... f5 $142) 18. Qe1 Nc4 19. Bxc4 dxc4 20. Bc3 (20. Rc1 $16) 20... Rh5 (20... cxd4 $11 {keeps the balance.} 21. Bxd4 (21. exd4 f5 $11) 21... f5) 21. Rf4 Qb7 22. Qf2 (22. dxc5 Bxg2 23. Qg3 (23. Bxa5 $2 Bh3 $19) 23... Be4 $16) 22... Rg5 $2 (22... Rf5 $16 {is a better chance.} 23. dxc5 Rxf4 24. exf4 (24. Qxf4 Bxg2 25. Qxc4 Bd5 $16) 24... Qb5) 23. g3 $2 (23. dxc5 $2 Rxg2+ $19 (23... Bxg2 $2 24. h4 $18) (23... Bxg2 $2 24. h4 $18)) (23. g4 $18 {is the precise move to win.}) 23... Kf8 $2 (23... cxd4 $16 {is tougher.} 24. exd4 Rf5) 24. Rf1 $2 (24. dxc5 Rf5 25. Rd1 Bd3 $18) (24. g4) 24... Rf5 $18 25. g4 Rxf4 26. Qxf4 ({Don't take} 26. exf4 $6 Kg8 $11) 26... Bd3 (26... cxd4 {is a better defense.} 27. Bxd4 (27. exd4 Bc6 $16) 27... Kg8) 27. Rf2 Ra7 28. h4 {[%emt 0:00:39] h5 is the strong threat.} Qe4 29. Qxe4 Bxe4 30. dxc5 {[%emt 0:00:00][%mdl 4096] Endgame. KRB-KRB} a4 31. Rf4 Bd5 32. Rd4 Rd7 33. Kf2 Kg7 34. e4 Bc6 35. Rxc4 Rd3 $2 (35... Rb7 36. Rd4 Rb5) 36. Rd4 Rh3 (36... Rxd4 37. Bxd4 Bxe4) 37. Rd6 Bxe4 38. c6 Rxh4 39. c7 Bb7 40. Rd8 Rxg4 41. c8=Q Bxc8 42. Rxc8 {[%emt 0:00:00] KRB-KR} Rf4+ 43. Kg3 g5 44. Rd8 Kg6 45. Rd4 Rf1 46. Rxa4 Kf5 47. Rd4 g4 48. Rd7 (48. Rxg4 Rg1+ 49. Kf3 Rxg4 $11) 48... Rf3+ 49. Kg2 Ke4 50. a4 {[%emt 0:00:00] [#] Strongly threatening a5.} f5 51. exf6 {[%emt 0:00:00] White mates.} e5 52. Re7 Rxf6 53. Rxe5+ Kf4 {[%emt 0:00:00] [#]} 54. Re4+ $3 Kxe4 (54... Kf5 55. Bxf6) 55. Bxf6 {[%emt 0:00:00] KB-KP} Kf5 56. Bc3 Ke4 57. a5 Kd5 58. Kg3 Kc6 59. Kxg4 Kb5 60. Kf5 Kc6 61. Ke6 Kb7 62. Kd6 Ka6 63. Kc6 Ka7 64. b4 Ka6 65. b5+ Ka7 66. Bd4+ Ka8 67. a6 Kb8 68. b6 Kc8 69. b7+ Kd8 70. b8=Q+ {[%emt 0:00:00] Weighted Error Value: White=0.62/Black=0.82.  Loses game:     	---       	Black=2      Missed win:     	White=1     	---        Mistake:       	White=5     	Black=10     Inaccurate:     	White=2     	Black=2      OK:         	White=6     	Black=6      Best:        	White=1     	Black=1} (70. Kd6 $142 Ke8 71. Ke6 Kf8 72. b8=Q#) 1-0

[Event "Elegant 1st Division League 2024"]
[Site "Dhaka"]
[Date "2024.07.17"]
[Round "7.17"]
[White "Miraj Uddin, Ahmed"]
[Black "Neloy, Debnath"]
[Result "0-1"]
[Annotator "RC"]
[ECO "A43"]
[WhiteElo "1827"]
[BlackElo "1959"]
[PlyCount "86"]
[EventDate "2024.07.10"]
[EventType "team-tourn"]
[EventCountry "BAN"]
[SourceTitle "playchess.com"]
[Source "ChessBase"]
[SourceQuality "1"]
[TimeControl "5400+30"]

1. d4 c5 2. e3 cxd4 3. exd4 Nf6 4. f4 g6 5. Nf3 Bg7 6. Bd3 O-O 7. O-O d6 8. c3 Bg4 9. h3 Bd7 10. Nbd2 Bc6 11. Qc2 Nbd7 12. Ne4 Rc8 13. Nxf6+ Nxf6 14. f5 Qe8 15. fxg6 hxg6 16. Bg5 Bb5 17. Rae1 Bxd3 18. Qxd3 Qd7 19. Bxf6 Bxf6 20. Nh2 Rce8 21. Ng4 Bg7 22. Qe3 f5 23. Nh2 e5 24. dxe5 dxe5 25. Qxa7 e4 26. Qb6 Rf6 27. Qe3 Rd6 28. Rf2 Rd3 29. Qg5 Rd6 30. g4 Kh7 31. Qh4+ Kg8 32. Qg5 Kh7 33. gxf5 Bh6 34. Qg4 e3 35. Rff1 Rf6 36. Qh4 Rxf5 37. Ng4 Qg7 38. Rxf5 gxf5 39. Qxh6+ Qxh6 40. Nxh6 Kxh6 41. Kg2 Kg5 42. Kf3 f4 43. Rg1+ Kf5 0-1

[Event "Elegant 1st Division League 2024"]
[Site "Dhaka"]
[Date "2024.07.17"]
[Round "7.18"]
[White "Ahmed, Feroz"]
[Black "Shatadru Shovan, Dey"]
[Result "0-1"]
[Annotator "RC"]
[ECO "A28"]
[WhiteElo "2042"]
[BlackElo "1879"]
[PlyCount "48"]
[EventDate "2024.07.10"]
[EventType "team-tourn"]
[EventCountry "BAN"]
[SourceTitle "playchess.com"]
[Source "ChessBase"]
[SourceQuality "1"]
[TimeControl "5400+30"]

1. c4 e5 2. Nc3 Nf6 3. Nf3 Nc6 4. d4 e4 5. Ng5 Bb4 6. f3 h6 7. Nh3 d5 8. c5 Bxh3 9. gxh3 exf3 10. exf3 Qe7+ 11. Kf2 O-O-O 12. Bb5 Nxd4 13. Be3 Nf5 14. Re1 Nxe3 15. Qc1 Bxc5 16. Na4 Nc2+ 17. Kg3 Nh5+ 18. Kg2 Nxe1+ 19. Qxe1 Qxe1 20. Rxe1 Nf4+ 21. Kg3 Bd6 22. Kg4 c6 23. Rc1 g6 24. b4 f5+ 0-1

[Event "Elegant 1st Division League 2024"]
[Site "Dhaka"]
[Date "2024.07.17"]
[Round "7.19"]
[White "S M Sharon"]
[Black "Md, Sariatullah"]
[Result "1/2-1/2"]
[Annotator "RC"]
[ECO "D45"]
[WhiteElo "2047"]
[BlackElo "2005"]
[PlyCount "94"]
[EventDate "2024.07.10"]
[EventType "team-tourn"]
[EventCountry "BAN"]
[SourceTitle "playchess.com"]
[Source "ChessBase"]
[SourceQuality "1"]
[TimeControl "5400+30"]

1. c4 Nf6 2. Nf3 e6 3. Nc3 d5 4. e3 c6 5. b3 Bd6 6. Bb2 Nbd7 7. d4 O-O 8. Be2 e5 9. dxe5 Nxe5 10. cxd5 cxd5 11. O-O Be6 12. Nb5 Nxf3+ 13. Bxf3 Be7 14. Ba3 Bxa3 15. Nxa3 Rc8 16. Nb5 Qa5 17. Qe2 Bf5 18. Nd6 Rc2 19. Qe1 Qxe1 20. Rfxe1 Be6 21. Rec1 Rb2 22. Nxb7 g5 23. g3 Nd7 24. Rd1 Rb8 25. Na5 Rb5 26. Nc6 Rc5 27. Nb4 Ne5 28. Bxd5 Bg4 29. Rdc1 Rxd5 30. Nxd5 Bh3 31. Rf1 Nf3+ 32. Kh1 Nd2 33. Rg1 Ne4 34. Rgf1 Bxf1 35. Rxf1 Nxf2+ 36. Kg2 Ne4+ 37. Kg1 Kg7 38. g4 Rxa2 39. Ne7 Rb2 40. Nf5+ Kf8 41. Rc1 Ke8 42. Rc7 Nd2 43. Nd4 Ra2 44. Rc5 Ra1+ 45. Kg2 Ra2 46. Kg1 Ra1+ 47. Kg2 Ra2 1/2-1/2

[Event "Elegant 1st Division League 2024"]
[Site "Dhaka"]
[Date "2024.07.17"]
[Round "7.20"]
[White "Noshin, Anjum"]
[Black "Sacchu, Afzal Hossain"]
[Result "1/2-1/2"]
[Annotator "RC"]
[ECO "B06"]
[WhiteElo "2056"]
[BlackElo "1981"]
[PlyCount "105"]
[EventDate "2024.07.10"]
[EventType "team-tourn"]
[EventCountry "BAN"]
[SourceTitle "playchess.com"]
[Source "ChessBase"]
[SourceQuality "1"]
[TimeControl "5400+30"]

1. e4 d6 2. d4 g6 3. Nf3 Bg7 4. Nc3 Nc6 5. Be3 e5 6. Bb5 Bd7 7. Qd2 Nge7 8. O-O-O O-O 9. dxe5 Nxe5 10. Nxe5 Bxe5 11. Bxd7 Qxd7 12. Bh6 Rfe8 13. h4 Qc6 14. f3 Qc4 15. h5 Bxc3 16. Qxc3 Qxc3 17. bxc3 Nc6 18. hxg6 fxg6 19. Rh4 Re7 20. Rdh1 Rae8 21. Kb2 Rf7 22. c4 a6 23. Kc3 b6 24. a3 Re5 25. Kd3 Ra5 26. Bc1 Ne5+ 27. Kc3 Rc5 28. f4 Nxc4 29. Kd3 b5 30. g4 c6 31. g5 a5 32. R1h3 b4 33. axb4 axb4 34. Be3 Nxe3 35. Rxe3 Rc3+ 36. Kd2 Rxe3 37. Kxe3 Ra7 38. f5 Ra2 39. e5 dxe5 40. fxg6 hxg6 41. Rc4 Ra3+ 42. Ke4 Rg3 43. Kxe5 Kf7 44. Rxc6 Rxg5+ 45. Kf4 Rb5 46. Kg4 Kg7 47. Rd6 Kf7 48. Rc6 g5 49. Rd6 Ke7 50. Rd3 Ke6 51. Rb3 Kd5 52. c3 Kc4 53. Rxb4+ 1/2-1/2

[Event "Elegant 1st Division League 2024"]
[Site "Dhaka"]
[Date "2024.07.17"]
[Round "7.21"]
[White "Hossain, Alamgir"]
[Black "Mirza Arifur, Rahman"]
[Result "*"]
[Annotator "RC"]
[ECO "C42"]
[WhiteElo "1974"]
[BlackElo "1823"]
[PlyCount "55"]
[EventDate "2024.07.10"]
[EventType "team-tourn"]
[EventCountry "BAN"]
[SourceTitle "playchess.com"]
[Source "ChessBase"]
[SourceQuality "1"]
[TimeControl "5400+30"]

1. e4 e5 2. Nf3 Nc6 3. Bc4 Nf6 4. Nc3 Bb4 5. O-O O-O 6. h3 Bxc3 7. dxc3 Nxe4 8. Bd5 Nc5 9. Bxc6 bxc6 10. Nxe5 Qe7 11. Re1 Ne6 12. f4 f6 13. Nf3 Rb8 14. b4 Qd6 15. f5 Qxd1 16. Rxd1 Nd8 17. Be3 a6 18. g4 Re8 19. Bf4 d6 20. Re1 Kf7 21. a3 Bd7 22. c4 Nb7 23. Kf2 c5 24. c3 Bc6 25. Nd2 Rxe1 26. Rc1 Rd1 27. Rxd1 Re8 28. Re1 *